 Dungeon Crawl Stone Soup version 0.24-a0-249-g2af7e83 (webtiles) character file.

Game seed: 5826143573740463192

108487 puppykicker the Bludgeoner (level 16, -12/134 HPs)
             Began as a Minotaur Necromancer on Apr 13, 2019.
             Was the Champion of Kikubaaqudgha.
             Mangled by a jumping spider (17 damage)
             ... on level 1 of the Spider Nest.
             The game lasted 02:03:08 (40893 turns).

puppykicker the Bludgeoner (Minotaur Necromancer)  Turns: 40893, Time: 02:03:09

Health: -12/134    AC: 13    Str: 19    XL:     16   Next: 2%
Magic:  13/21      EV: 14    Int: 15    God:    Kikubaaqudgha [******]
Gold:   717        SH: 17    Dex:  7    Spells: 1/26 levels left

rFire    + . .     SeeInvis +   a - +6 eveningstar (pain)
rCold    + . .     Gourm    .   w - +0 shield
rNeg     . . .     Faith    .   s - +2 robe of Vupidgh {Slay+3}
rPois    +         Spirit   .   H - +0 mask of the Dragon {MR+ Slay+3 SInv}
rElec    .         Reflect  +   Q - scarf {rC+ rF+}
rCorr    .         Harm     .   x - +2 pair of gloves
MR       ++...                  h - +2 pair of boots of Recklessness {Str+3 Dex-5}
Stlth    +.........             P - +4 amulet of reflection
HPRegen  1.32/turn              f - ring of wizardry
MPRegen  0.17/turn              S - ring of poison resistance

@: regenerating
A: retaliatory headbutt, hooves 1, horns 2, yellow scales 1, low mp 1, wild
magic 2
a: Receive Corpses, Torment, Renounce Religion


You were on level 1 of the Spider Nest.
You worshipped Kikubaaqudgha.
Kikubaaqudgha was exalted by your worship.
You were not hungry.

You visited 5 branches of the dungeon, and saw 25 of its levels.
You also visited: Bailey.

You collected 2006 gold pieces.
You spent 1289 gold pieces at shops.


Innate Abilities, Weirdness & Mutations

You reflexively headbutt those who attack you in melee.
You have a pair of horns on your head.
You have large cloven feet.
You are partially covered in yellow scales. (AC +2)
Your magical capacity is low. (-10% MP)
Your spells are harder to cast, but more powerful.


   Skills:
 + Level 9.8 Fighting
   Level 7.5 Long Blades
 - Level 16.0 Maces & Flails
 + Level 9.8 Armour
 + Level 6.6 Dodging
 - Level 1.5 Stealth
 + Level 15.6 Shields
 + Level 5.7 Spellcasting
 + Level 4.0 Conjurations
 - Level 2.0 Charms
 - Level 2.0 Summonings
 * Level 10.0 Necromancy
 - Level 2.0 Translocations
 + Level 1.3 Air Magic
 + Level 1.5 Poison Magic


You had one spell level left.
You knew the following spells:

 Your Spells              Type           Power        Failure   Level  Hunger
a - Dispel Undead         Necr           ######..     6%          5    ######.
b - Summon Butterflies    Summ           ###.....     6%          1    None
c - Vampiric Draining     Necr           ######....   1%          3    ###....
d - Bolt of Draining      Conj/Necr      #####.....   17%         5    ######.
g - Apportation           Tloc           ###...       6%          1    None
r - Regeneration          Chrm/Necr      #####.....   4%          3    ###....
v - Poisonous Vapours     Pois/Air       ##....       11%         2    #......
z - Animate Dead          Necr           N/A          2%          4    ####...
Z - Animate Skeleton      Necr           N/A          1%          1    None

Your spell library contained the following spells:

 Spells                   Type           Power        Failure   Level  Hunger
 Pain                     Necr           ####         1%          1    None
 Summon Small Mammal      Summ           ###.         6%          1    None
 Confusing Touch          Hex            #.....       12%         1    None
 Corpse Rot               Necr           N/A          1%          2    #......
 Sublimation of Blood     Necr           ######....   1%          2    #......
 Mephitic Cloud           Conj/Pois/Air  ###.....     13%         3    ###....
 Call Canine Familiar     Summ           ###.....     16%         3    ###....
 Conjure Flame            Conj/Fire      ###.....     16%         3    ###....
 Excruciating Wounds      Chrm/Necr      #####.....   24%         5    ######.
 Inner Flame              Hex/Fire       #.......     28%         3    ###....
 Summon Ice Beast         Ice/Summ       ##......     50%         4    ####...
 Leda's Liquefaction      Hex/Erth       #.........   63%         4    ####...
 Bolt of Magma            Conj/Fire/Erth ##........   77%         5    ######.
 Summon Mana Viper        Hex/Summ       ##......     80%         5    ######.
 Simulacrum               Ice/Necr       ####......   82%         6    #######
 Yara's Violent Unravell  Hex/Tmut       #.........   89%         5    ######.
 Freezing Cloud           Conj/Ice/Air   ###.......   99%         6    #######
 Iron Shot                Conj/Erth      ###.......   99%         6    #######
 Hydra Form               Tmut           #.........   100%        6    #######
 Statue Form              Tmut/Erth      #........    100%        6    #######
 Ring of Flames           Chrm/Fire      ##........   100%        7    #######
 Summon Hydra             Summ           ###.......   100%        7    #######
 Shatter                  Erth           #.........   100%        9    #######

Inventory:

Hand Weapons
 a - a +6 eveningstar of pain (weapon)
 b - a +2 hunting sling of freezing
 c - a +0 blowgun
Missiles
 u - 161 sling bullets
 L - a throwing net (quivered)
 N - 10 curare-tipped needles
 T - 6 javelins
Armour
 h - the +2 pair of boots of Recklessness (worn) {Str+3 Dex-5}
   (You found it on level 14 of the Dungeon)

   It affects your strength (+3).
   It affects your dexterity (-5).
 s - the +2 robe of Vupidgh (worn) {Slay+3}
   (You found it in a bailey)

   It affects your accuracy and damage with ranged weapons and melee attacks
   (+3).
 v - a +0 large shield
 w - a +0 shield (worn)
 x - a +2 pair of gloves (worn)
 H - the +0 mask of the Dragon (worn) {MR+ Slay+3 SInv}
   (You acquired it on level 15 of the Dungeon)

   It affects your accuracy and damage with ranged weapons and melee attacks
   (+3).
   It affects your resistance to hostile enchantments.
   It lets you see invisible.
 Q - a scarf of resistance (worn)
Jewellery
 e - an uncursed amulet of the acrobat
 f - a ring of wizardry (left hand)
 k - an uncursed ring of protection from cold
 l - a +2 ring of protection
 t - an uncursed ring of protection from fire
 P - a +4 amulet of reflection (around neck)
 S - a ring of poison resistance (right hand)
Wands
 d - a wand of scattershot (6)
 B - a wand of disintegration (31)
 C - a wand of paralysis (29)
 E - a wand of acid (16)
 G - a wand of enslavement (9)
Scrolls
 m - 5 scrolls of fog
 o - 3 scrolls of magic mapping
 q - 2 scrolls of teleportation
 y - 2 scrolls of enchant armour
 z - a scroll of brand weapon
 D - a scroll of identify
 O - 5 scrolls of remove curse
Potions
 g - a potion of mutation {!q}
 i - 2 potions of brilliance
 j - 2 potions of magic
 n - 5 potions of flight
 A - 4 potions of resistance
 F - 7 potions of ambrosia
 J - 2 potions of cancellation
 M - 3 potions of agility
 R - 4 potions of haste
 U - a potion of heal wounds
 V - 4 potions of curing
 W - 2 potions of invisibility
 X - a potion of lignification {!q}
 Z - a potion of berserk rage
Miscellaneous
 p - a phantom mirror
 K - a sack of spiders
Comestibles
 r - 21 rations
 Y - 3 chunks of flesh {@w1}

Dungeon Overview and Level Annotations

Branches:
Dungeon (15/15)            Temple (1/1) D:7            Lair (6/6) D:8
 Shoals (0/4) Lair:4       Spider (1/4) Lair:3        Slime (0/5) Lair:6
    Orc (2/2) D:11            Elf (0/3) Orc:2        Vaults (0/5) D:13
 Depths (0/5) D:15

Altars:
Ashenzari
Cheibriados
Dithmenos
Elyvilon
Fedhas
Gozag
Hepliaklqana
Kikubaaqudgha
Makhleb
Nemelex Xobeh
Okawaru
Qazlal
Ru
Sif Muna
Trog
Uskayaw
Vehumet
Wu Jian
Xom
Yredelemnul
Zin
The Shining One
Beogh

Shops:
D:7 ?   D:8 %   D:9 [   D:12 (   D:13 !   Orc:2 *=*(

Annotations:
Lair:2 exclusion: 2 oklob plants

.......†........^
#....ss..#○......
.#.....[.........
>....ss#........?
........s.^......
.#.##.#.sa°...... #.#
#.#####sss...... ###
#.####..###sss......
###..##..##.....@#........
........##.....s##........
........##....ss#.........
....#...#.#....###........
..#...^.#.##.....#........
..#......########.........
...#......#^####...##....
..................)# .
...##....#.......###


You could see 2 demonic crawlers, a wolf spider, an orb spider, a soldier ant, 2
jumping spiders, 2 tarantellas, a redback, a friendly emperor scorpion and a
friendly wolf spider.


Message History

Aim: a demonic crawler (clinging)
The burst of metal fragments hits the demonic crawler.
The burst of metal fragments hits the demonic crawler but does no damage.
The burst of metal fragments hits the demonic crawler.
The demonic crawler is lightly wounded. x2
The demonic crawler hits you.
* * * LOW HITPOINT WARNING * * *
You block the demonic crawler's attack. x3
The demonic crawler hits you but does no damage. x2
The jumping spider leaps!
Your skin crawls.
The jumping spider leaps! x2; The demonic crawler hits you.
* * * LOW HITPOINT WARNING * * *
You block the demonic crawler's attack. x2
Unknown command.
You impale the demonic crawler!!
The demonic crawler is moderately wounded.
The jumping spider pounces on you!
* * * LOW HITPOINT WARNING * * *
You block the jumping spider's attack. You block the demonic crawler's attack.
The demonic crawler hits you but does no damage.
The demonic crawler hits you!
* * * LOW HITPOINT WARNING * * *
As you read the scroll of summoning, it crumbles to dust.
Wisps of shadow whirl around you...
The jumping spider leaps!
You block the jumping spider's attack. The jumping spider closely misses you.
You block the demonic crawler's attack. x2
The demonic crawler hits you but does no damage.
The jumping spider pounces on you!
You die...
Kikubaaqudgha rasps: "You have failed me!
Welcome... death!"

Action                   |  1- 3 |  4- 6 |  7- 9 | 10-12 | 13-15 | 16-18 || total
-------------------------+-------+-------+-------+-------+-------+-------++-------
Melee: Hand axe          |   121 |   120 |       |       |       |       ||   241
       Headbutt          |    12 |    25 |    70 |   126 |   199 |     4 ||   436
       Unarmed           |     3 |       |       |       |       |       ||     3
       Club              |     1 |       |       |       |       |       ||     1
       Short sword       |       |    47 |   428 |    46 |       |       ||   521
       Scimitar          |       |       |       |   336 |    18 |       ||   354
       Eveningstar       |       |       |       |   387 |  1266 |    20 ||  1673
 Fire: Hunting sling     |       |       |       |       |    23 |       ||    23
Throw: Throwing net      |       |       |     2 |       |       |       ||     2
 Cast: Animate Skeleton  |     5 |     7 |    17 |    67 |    83 |       ||   179
       Pain              |     4 |     3 |     2 |     2 |       |       ||    11
       Vampiric Draining |       |       |    16 |    45 |    92 |     2 ||   155
       Apportation       |       |       |       |     1 |       |       ||     1
       Summon Butterflie |       |       |       |     1 |       |       ||     1
       Animate Dead      |       |       |       |       |    31 |     1 ||    32
       Regeneration      |       |       |       |       |    17 |     1 ||    18
       Dispel Undead     |       |       |       |       |    30 |       ||    30
       Bolt of Draining  |       |       |       |       |     5 |       ||     5
       Poisonous Vapours |       |       |       |       |     4 |       ||     4
Invok: Brand Weapon With |       |       |       |       |     1 |       ||     1
Evoke: Wand              |       |       |    13 |    22 |    19 |     1 ||    55
  Use: Scroll            |     4 |     3 |    11 |    19 |    19 |     1 ||    57
       Potion            |       |       |     3 |     2 |    15 |     1 ||    21
 Stab: Sleeping          |     2 |     1 |     1 |     1 |     2 |       ||     7
       Distracted        |       |       |     1 |     4 |     4 |       ||     9
       Invisible         |       |       |     1 |     2 |       |       ||     3
       Paralysed         |       |       |       |       |     2 |       ||     2
  Eat: Chunk             |     5 |     6 |    13 |    30 |    57 |       ||   111
       Ration            |       |       |     2 |     5 |    12 |       ||    19
Armor: Leather armour    |    34 |    48 |   133 |   207 |    99 |       ||   521
       Ring mail         |    23 |     6 |       |       |       |       ||    29
       Robe              |       |       |       |       |    74 |    10 ||    84
Dodge: Dodged            |    79 |    88 |   147 |   349 |   450 |    11 ||  1124
Block: Shield            |    56 |    71 |   171 |   507 |   752 |    31 ||  1588
       Reflection        |       |       |       |       |    24 |       ||    24
       Rpst.: Scimitar   |       |       |       |    44 |     5 |       ||    49

Levels and vault maps discovered:
D:1:      dpeg_arrival_brainrot, layout_loops_ring
D:2:      minmay_roachtagon, layout_loops_corners,
          lemuel_zombie_altar_yredelemnul, nicolae_overflow_crystal_walls,
          minmay_misc_feat_encased, okawaru_metal_pillars_1_2, uniq_sigmund
D:3:      layout_loops_corners
D:4:      layout_cave_pools, fedhas_altar_fruit_tree
D:5:      layout_loops_cross, kennysheep_mini, overflow_temple_1_default,
          ebering_ghost_sewer_d, first_ration
D:6:      layout_loops_ring, nicolae_overflow_hidden_temple,
          gammafunk_temple_overflow_pools, uniq_prince_ribbit1,
          uniq_crazy_yiuf_cottage
D:7:      layout_loops_ring, kennysheep_mini_moat,
          minmay_temple_entry_overgrown, serial_shops, shop, uniq_joseph
D:8:      minmay_bloctagon_deflated, layout_loops_ring, dpeg_lair_monsters,
          serial_shops, nicolae_shop_temple_entry_statues_fountains,
          basic_altar, serial_rivers, chequers_serial_rivers_micro_b,
          chequers_serial_rivers_small_b, chequers_serial_rivers_small_a,
          chequers_serial_rivers_marsh, chequers_serial_rivers_micro_d,
          gammafunk_ghost_nasty_kobolds, uniq_erica, uniq_pikel, uniq_psyche
D:9:      layout_basic, serial_shops, nicolae_shop_crystal
D:10:     layout_roguey, uniq_nergalle, uniq_snorg
D:11:     layout_gridville, david_orc_5, basic_altar
D:12:     layout_layer_cave, basic_altar, serial_shops, shop, the_bakery
D:13:     layout_big_octagon, erik_vaults_1, serial_shops, shop_fountains,
          basic_altar, ebering_ghost_xom
D:14:     layout_basic, grunt_dithmenos_shadows, enter_bailey_3
D:15:     hangedman_depths_entry_try_elsewhere_first, layout_basic,
          serial_park_square1 [serial_park_minivault_5x5_1], uniq_josephine,
          uniq_roxanne
Temple:   chequers_temple_sunken
Lair:1:   layout_layer_cave
Lair:2:   beast_lair_carwin_large_2, layout_cave_pods,
          chequers_serial_rivers_micro_a, disabler_island
Lair:3:   layout_regular_city, dummy_spider_entry, ice2_lemuel,
          grunt_megastairs_4
Lair:4:   layout_layer_cave, elwin_shoals_entry_stream
Lair:5:   layout_hall_layers, lemuel_fruit_tree, serial_bayou_shore_a,
          grunt_megastairs_2, serial_bayou_shore_b, uniq_kirke
Lair:6:   cheibrodos_lair_end_hotspot, layout_regular_city,
          minmay_slime_entry_oklob_enclosed, uniq_rupert
Spider:1: layout_spider_delve, minivault_29
Orc:1:    layout_caves
Orc:2:    st_orc_elflike, layout_caves, basic_altar, uniq_sonja, uniq_urug,
          uniq_nessos, uniq_azrael
Bailey:   bailey_axe_of_yendor_kennysheep, bailey

Notes
Turn   | Place    | Note
-------+----------+-------------------------------------------
     0 | D:1      | puppykicker the Minotaur Necromancer began the quest for
                  | the Orb.
     0 | D:1      | Reached XP level 1. HP: 14/14 MP: 1/1
     4 | D:1      | You fall through a shaft!
     7 | D:2      | Learned a level 1 spell: Animate Skeleton
   149 | D:1      | Reached skill level 3 in Necromancy
   908 | D:2      | Reached XP level 2. HP: 21/22 MP: 3/3
   942 | D:2      | Noticed Sigmund
   988 | D:2      | Reached skill level 1 in Armour
   993 | D:2      | Reached skill level 1 in Fighting
  1091 | D:2      | Found a radiant altar of Vehumet.
  1332 | D:2      | Reached skill level 1 in Shields
  1332 | D:2      | Reached XP level 3. HP: 28/28 MP: 2/4
  1428 | D:2      | Found an iron altar of Okawaru.
  2000 | D:2      | Learned a level 3 spell: Vampiric Draining
  2119 | D:2      | Reached skill level 2 in Fighting
  2127 | D:2      | Found a basalt altar of Yredelemnul.
  2260 | D:2      | Reached skill level 2 in Armour
  2260 | D:2      | Reached XP level 4. HP: 36/36 MP: 5/5
  2435 | D:3      | Reached skill level 2 in Shields
  2684 | D:3      | Reached XP level 5. HP: 25/42 MP: 6/6
  3165 | D:3      | Reached skill level 3 in Armour
  3180 | D:3      | Reached skill level 3 in Fighting
  3575 | D:4      | Reached skill level 3 in Shields
  3606 | D:4      | Noticed an ogre
  3707 | D:4      | Reached XP level 6. HP: 38/51 MP: 7/7
  3984 | D:4      | Found a blossoming altar of Fedhas.
  4031 | D:5      | Entered Level 5 of the Dungeon
  4076 | D:5      | Found a deep blue altar of Sif Muna.
  4151 | D:5      | Noticed a sky beast
  4380 | D:5      | Reached skill level 4 in Fighting
  4396 | D:5      | Reached skill level 4 in Armour
  4396 | D:5      | Reached skill level 4 in Shields
  4396 | D:5      | Reached skill level 4 in Necromancy
  4396 | D:5      | Reached XP level 7. HP: 54/59 MP: 8/8
  4426 | D:5      | Found an ornate altar of the Wu Jian Council.
  4815 | D:5      | Learned a level 1 spell: Apportation
  4819 | D:5      | Learned a level 3 spell: Regeneration
  5030 | D:5      | Found a runed translucent door.
  5034 | D:5      | Noticed abarbat's ghost (novice MiGl)
  5160 | D:5      | Reached skill level 5 in Fighting
  5160 | D:5      | Reached skill level 5 in Armour
  5339 | D:4      | Reached skill level 5 in Shields
  5480 | D:6      | Reached XP level 8. HP: 65/68 MP: 9/9
  5709 | D:6      | Found a sacrificial altar of Ru.
  5710 | D:6      | Found a bloodstained altar of Trog.
  5713 | D:6      | Found a shimmering altar of Xom.
  5798 | D:6      | Reached skill level 6 in Fighting
  5924 | D:6      | Reached skill level 6 in Armour
  5924 | D:6      | Reached skill level 6 in Shields
  6017 | D:6      | Reached skill level 5 in Necromancy
  6354 | D:6      | Found a shadowy altar of Dithmenos.
  6355 | D:6      | Found a glowing golden altar of the Shining One.
  6431 | D:6      | Noticed Prince Ribbit
  6649 | D:6      | Found a runed translucent door.
  6650 | D:6      | Noticed Crazy Yiuf
  6660 | D:6      | Killed Crazy Yiuf
  6956 | D:7      | Found a staircase to the Ecumenical Temple.
  6996 | Temple   | Entered the Ecumenical Temple
  7084 | Temple   | Became a worshipper of Kikubaaqudgha
  7163 | D:7      | Reached XP level 9. HP: 78/78 MP: 10/10
  7241 | D:7      | Reached skill level 7 in Fighting
  7241 | D:7      | Reached skill level 7 in Shields
  7485 | D:7      | Reached skill level 7 in Armour
  7846 | D:7      | Noticed Joseph
  7882 | D:7      | Killed Joseph
  7889 | D:7      | Reached * piety under Kikubaaqudgha
  7889 | D:7      | Identified Kikubaaqudgha's Reference Book on Evil Secrets
                  | (Kikubaaqudgha gifted it to you on level 7 of the Dungeon)
  7889 | D:7      | Received a gift from Kikubaaqudgha
  8034 | D:7      | Found Loikh's Magic Scroll Emporium.
  8042 | D:7      | Bought a scroll of identify for 32 gold pieces
  8161 | D:7      | Found a shattered altar of Ashenzari.
  8260 | D:8      | Noticed Psyche
  8285 | D:8      | Killed Psyche
  8285 | D:8      | Reached skill level 8 in Fighting
  8285 | D:8      | Reached skill level 8 in Armour
  8285 | D:8      | Reached skill level 8 in Shields
  8285 | D:8      | Reached skill level 6 in Necromancy
  8653 | D:8      | Noticed Erica
  8674 | D:8      | Noticed Pikel
  8678 | D:8      | Killed Erica
  8678 | D:8      | Reached skill level 2 in Spellcasting
  8678 | D:8      | Reached XP level 10. HP: 50/90 MP: 0/12
  8694 | D:8      | Noticed a death yak
  8752 | D:8      | Reached skill level 1 in Long Blades
  8789 | D:8      | Killed Pikel
  8789 | D:8      | Reached skill level 3 in Long Blades
  8886 | D:8      | Noticed a death yak
  8889 | D:8      | Reached skill level 4 in Long Blades
  8899 | D:8      | Noticed a death yak
  8928 | D:8      | Identified the Disquisition on Ensnaring Transmutation
  8931 | D:8      | Found a staircase to the Lair.
  8956 | D:8      | Killed a death yak
  8956 | D:8      | Reached skill level 5 in Long Blades
  9023 | D:8      | Noticed a centaur warrior
  9325 | D:8      | Found Imucwe's Food Boutique.
  9393 | D:8      | Reached skill level 6 in Long Blades
  9415 | D:8      | Killed a centaur warrior
  9415 | D:8      | Reached skill level 7 in Long Blades
  9582 | D:8      | Found a runed translucent gate.
  9582 | D:8      | Found a runed translucent gate.
  9582 | D:8      | Found a runed translucent gate.
  9585 | D:8      | Noticed Shepard's ghost (novice DsMo)
  9604 | D:8      | Reached skill level 1 in Maces & Flails
  9610 | D:8      | Reached skill level 2 in Maces & Flails
  9623 | D:8      | Found a shattered altar of Ashenzari.
 10500 | D:9      | Reached skill level 3 in Maces & Flails
 10503 | D:9      | Reached skill level 4 in Maces & Flails
 10564 | D:9      | Found Murrit Xenye's Antique Armour Emporium.
 10575 | D:9      | Bought a pair of translucent boots for 247 gold pieces
 10580 | D:9      | Identified the cursed -3 pair of boots of Vanity {rElec}
                  | (You bought it in a shop on level 9 of the Dungeon)
 10656 | D:9      | Reached skill level 5 in Maces & Flails
 10902 | D:9      | Reached ** piety under Kikubaaqudgha
 10902 | D:9      | Reached skill level 6 in Maces & Flails
 11366 | D:8      | Killed a death yak
 11432 | D:8      | Killed a death yak
 11432 | D:8      | Reached skill level 7 in Maces & Flails
 11432 | D:8      | Reached skill level 9 in Shields
 11432 | D:8      | Reached XP level 11. HP: 23/95 MP: 5/13
 11773 | D:10     | Entered Level 10 of the Dungeon
 11907 | D:10     | Noticed Snorg
 11950 | D:10     | Killed Snorg
 11950 | D:10     | Reached skill level 8 in Maces & Flails
 12372 | D:10     | Noticed Nergalle
 12385 | D:10     | Killed Nergalle
 12474 | D:10     | Reached skill level 9 in Maces & Flails
 12496 | D:10     | Noticed an unseen horror
 12504 | D:10     | Killed an unseen horror
 12627 | D:11     | Found a snail-covered altar of Cheibriados.
 12643 | D:11     | Noticed a white ugly thing
 12676 | D:11     | Killed a white ugly thing
 12676 | D:11     | Reached skill level 10 in Shields
 12774 | D:11     | Reached *** piety under Kikubaaqudgha
 12774 | D:11     | Identified Kikubaaqudgha's Disquisition on Unholy Rituals
                  | (Kikubaaqudgha gifted it to you on level 11 of the Dungeon)
 12774 | D:11     | Received a gift from Kikubaaqudgha
 12779 | D:11     | Reached skill level 10 in Maces & Flails
 13041 | D:11     | Noticed an orc knight
 13055 | D:11     | Killed an orc knight
 13203 | D:11     | Found a roughly hewn altar of Beogh.
 13203 | D:11     | Found a staircase to the Orcish Mines.
 13708 | D:11     | Reached **** piety under Kikubaaqudgha
 14003 | D:11     | Identified a potion of resistance
 14036 | D:12     | Found a hazy altar of Hepliaklqana.
 14385 | D:12     | Reached skill level 11 in Maces & Flails
 14458 | D:12     | Noticed a red ugly thing
 14471 | D:12     | Killed a red ugly thing
 14497 | D:12     | Learned a level 4 spell: Animate Dead
 14501 | D:12     | Learned a level 1 spell: Summon Butterflies
 14501 | D:12     | Noticed a skeletal warrior
 14503 | D:12     | Noticed a skeletal warrior
 14504 | D:12     | Noticed a skeletal warrior
 14507 | D:12     | Noticed a skeletal warrior
 14887 | Lair:1   | Entered Level 1 of the Lair of Beasts
 15090 | Lair:1   | Reached skill level 11 in Shields
 15105 | Lair:1   | Reached XP level 12. HP: 94/103 MP: 14/14
 15229 | Lair:1   | Reached skill level 12 in Maces & Flails
 15945 | Lair:1   | Identified a scarf of resistance (You found it on level 1
                  | of the Lair of Beasts)
 16364 | Lair:2   | Noticed a four-headed hydra
 16674 | Lair:2   | Paralysed by a floating eye for 2 turns
 16751 | Lair:2   | Paralysed by a floating eye for 2 turns
 16759 | Lair:2   | Paralysed by a floating eye for 2 turns
 16891 | Lair:2   | Killed a one-headed hydra
 16891 | Lair:2   | Reached skill level 13 in Maces & Flails
 17719 | Lair:3   | Reached skill level 12 in Shields
 18087 | Lair:3   | Noticed an eight-headed hydra
 18303 | Lair:3   | Reached skill level 14 in Maces & Flails
 18452 | Lair:3   | Found a hole to the Spider Nest.
 18466 | Lair:3   | Reached ***** piety under Kikubaaqudgha
 18990 | Lair:3   | Killed a two-headed hydra
 20057 | Lair:4   | Found a staircase to the Shoals.
 20087 | Lair:4   | Reached XP level 13. HP: 37/108 MP: 0/16
 21076 | Lair:5   | Noticed Kirke
 21494 | Lair:5   | Reached skill level 13 in Shields
 21494 | Lair:5   | Reached skill level 3 in Spellcasting
 21833 | Lair:5   | Killed Kirke
 22281 | Lair:6   | Entered Level 6 of the Lair of Beasts
 22468 | Lair:6   | Noticed Rupert
 22528 | Lair:6   | Reached skill level 15 in Maces & Flails
 22574 | Lair:6   | Reached skill level 7 in Necromancy
 22647 | Lair:6   | Learned a level 5 spell: Dispel Undead
 22847 | Lair:6   | HP: 10/108 [poisoned by a spiny frog]
 22852 | Lair:6   | HP: 8/108 [poisoned by a spiny frog]
 22858 | Lair:6   | HP: 5/108 [poisoned by a spiny frog]
 22863 | Lair:6   | HP: 5/108 [poisoned by a spiny frog]
 22870 | Lair:6   | HP: 5/108 [poisoned by a spiny frog]
 22878 | Lair:6   | HP: 5/108 [poisoned by a spiny frog]
 23375 | Lair:6   | Reached skill level 4 in Spellcasting
 23409 | Lair:6   | Paralysed by Rupert for 4 turns
 23441 | Lair:6   | Killed Rupert
 24665 | Lair:6   | Reached skill level 14 in Shields
 25234 | Lair:6   | Noticed a fire dragon
 25344 | Lair:6   | Found a large runed translucent door.
 25345 | Lair:6   | Found a large runed translucent door.
 25365 | Lair:6   | Reached XP level 14. HP: 69/116 MP: 20/20
 25374 | Lair:6   | Reached ****** piety under Kikubaaqudgha
 25377 | Lair:6   | Identified a +6 eveningstar of pain (a +4 eveningstar
                  | bloodied by Kikubaaqudgha)
 25377 | Lair:6   | Received a gift from Kikubaaqudgha
 26098 | Lair:6   | Found a staircase to the Slime Pits.
 26609 | Lair:2   | Paralysed by a floating eye for 4 turns
 27368 | D:6      | Killed Prince Ribbit
 27487 | D:2      | Killed Sigmund
 27652 | D:5      | Killed abarbat's ghost
 27826 | D:8      | HP: 10/116 [Shepard's ghost (11)]
 27833 | D:8      | HP: 3/116 [Shepard's ghost (9)]
 27834 | D:8      | Killed Shepard's ghost
 28338 | D:13     | Reached skill level 8 in Necromancy
 28349 | D:13     | Reached skill level 1 in Translocations
 28365 | D:13     | Paralysed by a centaur for 4 turns
 28381 | D:13     | Reached skill level 1 in Summonings
 28399 | D:13     | Reached skill level 5 in Spellcasting
 28399 | D:13     | Reached skill level 1 in Charms
 28578 | D:13     | Found a runed translucent door.
 28756 | D:13     | Found Ruragra's Distillery.
 28764 | D:13     | Bought a potion of curing for 36 gold pieces
 28764 | D:13     | Bought a potion of haste for 120 gold pieces
 28764 | D:13     | Bought a potion of curing for 36 gold pieces
 28764 | D:13     | Bought a potion of magic for 96 gold pieces
 28764 | D:13     | Bought a potion of curing for 36 gold pieces
 28764 | D:13     | Bought a potion of invisibility for 96 gold pieces
 28764 | D:13     | Bought a potion of lignification for 36 gold pieces
 28764 | D:13     | Bought a potion of haste for 120 gold pieces
 28764 | D:13     | Bought a potion of mutation for 96 gold pieces
 28764 | D:13     | Bought a potion of berserk rage for 60 gold pieces
 28764 | D:13     | Gained mutation: Your magical capacity is low. (-10% MP)
                  | [potion of mutation]
 28764 | D:13     | Gained mutation: Scrolls take you a little longer to read.
                  | [potion of mutation]
 28764 | D:13     | Gained mutation: Your spells are a little harder to cast,
                  | but a little more powerful. [potion of mutation]
 28764 | D:13     | Gained mutation: You possess an exceptional clarity of
                  | mind. [potion of mutation]
 28920 | D:13     | Found an ornate altar of the Wu Jian Council.
 28935 | D:13     | Found a gate to the Vaults.
 28980 | D:13     | Found a shimmering altar of Xom.
 28980 | D:13     | Noticed drock42's ghost (journeyman HOFi)
 29486 | D:14     | Reached skill level 16 in Maces & Flails
 29535 | D:14     | Found a flagged portal.
 29548 | D:14     | Reached skill level 2 in Summonings
 29555 | D:14     | Reached skill level 2 in Translocations
 29609 | Bailey   | Entered a bailey
 29723 | Bailey   | Found an iron altar of Okawaru.
 29739 | Bailey   | Reached skill level 2 in Charms
 30312 | Bailey   | Found the +3 hat of Pondering {ponderous, MR+ MP+10 Int+5}
 30508 | Bailey   | Got a translucent mace
 30549 | Bailey   | Got a smoking robe
 30560 | Bailey   | Identified the +2 robe of Vupidgh {Slay+3} (You found it in
                  | a bailey)
 30667 | D:14     | Identified the +8 mace of Karma {venom, rC+ Int-5 Dex+5}
                  | (You found it in a bailey)
 30975 | D:14     | Found a shadowy altar of Dithmenos.
 31115 | D:14     | Learned a level 5 spell: Bolt of Draining
 31249 | D:14     | Reached skill level 3 in Dodging
 31595 | D:13     | Bought a potion of heal wounds for 60 gold pieces
 31595 | D:13     | Bought a potion of curing for 36 gold pieces
 31805 | D:14     | Reached skill level 15 in Shields
 31805 | D:14     | Reached skill level 1 in Conjurations
 31851 | D:14     | Killed drock42's ghost
 31851 | D:14     | Reached skill level 4 in Dodging
 32155 | D:14     | Got a pair of faintly humming boots
 32161 | D:14     | Identified the +2 pair of boots of Recklessness {Str+3
                  | Dex-5} (You found it on level 14 of the Dungeon)
 32322 | D:14     | Reached skill level 2 in Conjurations
 32367 | D:14     | Reached skill level 9 in Necromancy
 33334 | D:15     | Entered Level 15 of the Dungeon
 33463 | D:15     | Reached XP level 15. HP: 115/123 MP: 19/19
 33471 | D:15     | Reached skill level 5 in Dodging
 33611 | D:15     | Noticed Roxanne
 33622 | D:15     | Noticed Josephine
 33952 | D:15     | Found the +0 mask of the Dragon {MR+ Slay+3 SInv}
 34063 | D:15     | Found a staircase to the Depths.
 34346 | D:15     | Killed Josephine
 34750 | D:15     | Reached skill level 3 in Conjurations
 34848 | D:15     | Killed Roxanne
 34848 | D:15     | Reached skill level 9 in Fighting
 34848 | D:15     | Reached skill level 9 in Armour
 35562 | D:12     | Found Jicvuna's Antique Weapon Boutique.
 37009 | Orc:1    | Entered Level 1 of the Orcish Mines
 37466 | Orc:2    | Entered Level 2 of the Orcish Mines
 37476 | Orc:2    | Found a staircase to the Elven Halls.
 37655 | Orc:2    | Noticed Nessos
 37661 | Orc:2    | Killed Nessos
 37661 | Orc:2    | Reached skill level 6 in Dodging
 37880 | Orc:2    | Noticed Sonja
 37901 | Orc:2    | Killed Sonja
 38019 | Orc:2    | Learned a level 2 spell: Poisonous Vapours
 38116 | Orc:2    | Noticed Urug
 38133 | Orc:2    | Killed Urug
 38351 | Orc:2    | Found a roughly hewn altar of Beogh.
 38356 | Orc:2    | Noticed Azrael
 38410 | Orc:2    | Killed Azrael
 38793 | Orc:2    | Found Teell's Antique Weapon Boutique.
 39696 | Orc:2    | Reached skill level 1 in Air Magic
 39696 | Orc:2    | Reached skill level 1 in Poison Magic
 39731 | Orc:2    | Found Nuttouha's General Store.
 39733 | Orc:2    | Found Ufonocem's General Store.
 39733 | Orc:2    | Found Hiseve's Jewellery Emporium.
 39809 | Orc:2    | Bought a potion of heal wounds for 70 gold pieces
 39809 | Orc:2    | Bought a potion of mutation for 112 gold pieces
 39809 | Orc:2    | Lost mutation: Scrolls take you a little longer to read.
                  | [potion of mutation]
 39809 | Orc:2    | Lost mutation: You possess an exceptional clarity of mind.
                  | [potion of mutation]
 39809 | Orc:2    | Gained mutation: You have large cloven feet. [potion of
                  | mutation]
 39809 | Orc:2    | Gained mutation: You are partially covered in yellow
                  | scales. (AC +2) [potion of mutation]
 39809 | Orc:2    | Gained mutation: Your spells are harder to cast, but more
                  | powerful. [potion of mutation]
 40080 | Spider:1 | Entered Level 1 of the Spider Nest
 40239 | Spider:1 | Reached skill level 10 in Necromancy
 40825 | Spider:1 | Reached skill level 4 in Conjurations
 40831 | Spider:1 | Reached XP level 16. HP: 119/134 MP: 21/21
 40892 | Spider:1 | HP: 4/134 [demonic crawler (12)]
 40893 | Spider:1 | Mangled by a jumping spider

Vanquished Creatures
  Rupert (Lair:6)
  Kirke (Lair:5)
  Roxanne (D:15)
  An entropy weaver (Spider:1)
  Azrael (Orc:2)
  The ghost of drock42 the Severer, a journeyman HOFi of Makhleb (D:14)
  Snorg (D:10)
  Josephine (D:15)
  A fire dragon (Lair:6)
  9 hydras
  4 centaur warriors
  2 dancing weapons (D:13)
  4 two-headed ogres
  A queen ant (Spider:1)
  Erica (D:8)
  Urug (Orc:2)
  3 death yaks (D:8)
  5 orc high priests
  Sonja (Orc:2)
  Nergalle (D:10)
  A sea snake (shapeshifter) (D:14)
  The ghost of Shepard the Basher, a novice DsMo of Qazlal (D:8)
  5 skeletal warriors
  3 unseen horrors
  A lindwurm (shapeshifter) (D:15)
  A lindwurm (Lair:6)
  Pikel (D:8)
  4 orc sorcerers (Orc:2)
  2 wolf spiders
  18 ugly things
  An oklob plant (Lair:6)
  7 cyclopes
  3 manticores
  8 orc knights
  Psyche (D:8)
  5 black mambas
  2 gargoyles
  A merfolk siren (Lair:4)
  Joseph (D:7)
  An ice statue (Lair:3)
  A molten gargoyle (Lair:6)
  The ghost of abarbat the Spear-Bearer, a novice MiGl of Nemelex Xobeh (D:5)
  2 efreet
  6 komodo dragons
  8 spiny frogs
  5 demonic crawlers (Spider:1)
  2 kobold demonologists
  An ice devil (Lair:3)
  6 trolls
  3 jumping spiders (Spider:1)
  6 polar bears
  3 merfolk (Lair:4)
  2 hornets (Spider:1)
  Prince Ribbit (D:6)
  5 slime creatures (D:12)
  10 hippogriffs
  11 blink frogs
  2 shadows
  A centaur simulacrum (D:14)
  Sigmund (D:2)
  6 wraiths
  6 wyverns
  4 water elementals (D:14)
  A vampire (D:13)
  2 fire elementals (Orc:2)
  3 hogs (Lair:4)
  5 basilisks
  A spriggan (D:12)
  27 yaks
  A steam dragon (Lair:6)
  3 hungry ghosts
  4 vampire mosquitoes (D:15)
  2 wargs
  An acid dragon (D:12)
  6 water moccasins
  7 hell hounds
  17 soldier ants (Spider:1)
  7 porcupines
  A floating eye (Lair:2)
  7 sky beasts
  4 black bears
  8 ice beasts
  37 orc warriors
  2 slaves (D:8)
  An eye of draining (D:10)
  3 phantoms
  14 wolves
  9 ogres
  5 boggarts (D:15)
  10 centaurs
  11 crocodiles
  9 big kobolds (D:8)
  9 bullfrogs
  A wyvern zombie (D:14)
  3 scorpions
  4 killer bees (D:10)
  17 wights
  8 electric eels
  8 howler monkeys
  7 crimson imps
  2 lava snakes (Lair:6)
  4 centaur zombies
  A bullfrog zombie (D:9)
  5 hounds
  A quasit (D:9)
  20 orc priests
  A jelly (D:10)
  22 orc wizards
  Crazy Yiuf (D:6)
  5 centaur skeletons
  An iguana (D:7)
  28 worker ants
  A killer bee zombie (D:8)
  2 hound skeletons (D:5)
  A howler monkey zombie (D:5)
  2 worker ant zombies
  14 gnolls
  A howler monkey skeleton (D:6)
  18 adders
  A river rat (D:8)
  2 shadow imps
  A white imp (Lair:3)
  An ooze (D:7)
  3 worms
  4 leopard geckos
  72 orcs
  15 giant cockroaches
  2 gnoll zombies (D:2)
  11 hobgoblins
  13 jackals
  5 kobolds
  3 quokkas
  3 ball pythons
  5 bats
  4 frilled lizards
  12 goblins
  3 quokka skeletons
  A quokka zombie (D:5)
  6 rats
763 creatures vanquished.

Vanquished Creatures (collateral kills)
  A centaur warrior (D:8)
  A dancing weapon (D:13)
  A slime creature (D:15)
  An ugly thing (D:13)
  A molten gargoyle (Lair:6)
  A black mamba (Lair:6)
  A spiny frog (Lair:5)
  A gargoyle (D:15)
  2 komodo dragons
  2 blink frogs (Lair:6)
  A jumping spider (Spider:1)
  2 polar bears (Lair:2)
  2 hippogriffs
  4 yaks
  A wyvern (Lair:6)
  A basilisk (Lair:6)
  A hell hound (Lair:6)
  2 water moccasins
  3 soldier ants (Spider:1)
  2 orc warriors
  A phantom (D:11)
  2 sky beasts
  A black bear (Lair:2)
  A centaur (D:13)
  3 crocodiles
  A bullfrog (D:7)
  A wight (D:11)
  A howler monkey (D:9)
  An electric eel (D:14)
  2 lava snakes (Lair:6)
  A jelly (D:11)
  An orc wizard (D:9)
  A worker ant zombie (D:6)
  An adder (D:2)
  A shadow imp (D:11)
  6 orcs
  A goblin (Bailey)
  A fungus (Lair:6)
  2 plants
60 creatures vanquished.

Vanquished Creatures (others)
  Nessos (Orc:2)
  A soldier ant (Spider:1)
  2 slaves (D:8)
  A big kobold (D:8)
  A howler monkey (D:14)
  An orc priest (D:12)
  A river rat (D:8)
  A bush (D:15)
  16 fungi
  13 plants
38 creatures vanquished.

Grand Total: 861 creatures vanquished
